 Dungeon Crawl Stone Soup version 0.30-a0-728-gc68057b (webtiles) character file.

Game seed: 12922801283433564279

1017 Illumine the Chiller (level 7, -3/50 HPs)
             Began as a Demigod Ice Elementalist on Jan 31, 2023.
             Slain by an ice beast (5 damage)
             ... on level 5 of the Dungeon.
             The game lasted 00:09:06 (5011 turns).

Illumine the Chiller (Demigod Ice Elementalist)     Turns: 5011, Time: 00:09:06

Health: -3/50      AC: 10    Str:  9    XL:     7   Next: 70%
Magic:  12/17      EV: 12    Int: 25    God:
Gold:   120        SH:  0    Dex: 14    Spells: 4/15 levels left

rFire   . . .      SeeInvis .    D - +0 whip (elec)
rCold   . . .      Faith    .    (no shield)
rNeg    . . .      Spirit   .    a - +0 robe
rPois   .          Reflect  .    (no helmet)
rElec   .          Harm     .    (no cloak)
rCorr   .          Rampage  .    (no gloves)
Will    .....                    A - +0 pair of boots
Stlth   ++                       (no amulet)
HPRegen 0.28/turn                (no ring)
MPRegen 0.15/turn                (no ring)

@: ice-armoured
A: high MP 1, forlorn, divine attributes
a: no special abilities


You were on level 5 of the Dungeon.
You visited 1 branch of the dungeon, and saw 5 of its levels.

You collected 314 gold pieces.
You spent 194 gold pieces at shops.

Inventory:

Hand Weapons
 n - a +0 long sword
 p - a +1 short sword of venom
 D - a +0 whip of electrocution (weapon)
Missiles
 v - 4 datura-tipped darts (quivered)
Armour
 a - a +0 robe (worn)
 A - a +0 pair of boots (worn)
Magical Staves
 g - a staff of fire
Wands
 u - a wand of quicksilver (2)
Scrolls
 d - 2 scrolls of identify
 h - a scroll of butterflies
 i - a scroll of torment
 m - a scroll of fog
 o - a scroll of amnesia {unknown}
 r - 3 scrolls of fear
 s - 2 scrolls of blinking {unknown}
 t - a scroll of acquirement {unknown}
 w - 2 scrolls of enchant weapon {unknown}
 y - a scroll of enchant armour {unknown}
 B - a scroll of teleportation
Potions
 b - a potion of magic
 c - a potion of might {unknown}
 e - 2 potions of cancellation
 f - 2 potions of berserk rage {unknown}
 j - a potion of attraction {unknown}
 k - 4 potions of curing
 l - 2 potions of lignification
 q - 2 potions of heal wounds
 x - a potion of haste {unknown}
 z - a potion of brilliance {unknown}
 C - a potion of mutation {unknown}


   Skills:
 + Level 0.0 Maces & Flails
 - Level 1.7 Dodging
 - Level 1.8 Stealth
 + Level 4.9 Spellcasting
 * Level 4.2 Summonings
 + Level 6.2 Ice Magic


You had 4 spell levels left.
You knew the following spells:

 Your Spells              Type           Power      Damage    Failure   Level
a - Freeze                Ice            100%       1d10      1%          1
b - Frozen Ramparts       Ice            74%        1d12      1%          3
c - Ozocubu's Armour      Ice            37%        N/A       1%          3
d - Summon Ice Beast      Ice/Summ       32%        N/A       10%         4

Your spell library contained the following spells:

 Spells                   Type           Power      Damage    Failure   Level
 Ensorcelled Hibernation  Hex/Ice        42%        N/A       3%          2
 Lesser Beckoning         Tloc           12%        N/A       13%         2
 Passwall                 Tmut/Erth      5%         N/A       13%         2
 Gell's Gravitas          Tloc           6%         N/A       26%         3
 Swiftness                Air            6%         N/A       26%         3
 Teleport Other           Tloc           6%         N/A       26%         3


Dungeon Overview and Level Annotations

Branches:
Dungeon (5/15)
 Temple: D:4-7

Shops:
D:1 !:=!   D:5 ?(

Annotations:
D:5 1 runed translucent door, Kave's ghost, novice TrTm


Innate Abilities, Weirdness & Mutations

You have an increased reservoir of magic. (+10% MP)
You shall have no god before yourself.
Your divine heritage dramatically boosts your attributes as you level up.


Message History

You closely miss the ice beast. The ice beast hits you.
The ice beast freezes you!
* * * LOW HITPOINT WARNING * * *
Your ice beast hits the ice beast.
Your ice beast freezes the ice beast.
The ice beast completely resists.
You barely miss the ice beast.
The ice beast is lightly wounded.
The ice beast barely misses you.
Your ice beast hits the ice beast.
Your ice beast freezes the ice beast.
The ice beast completely resists.
Your ice beast barely misses the ice beast.
Casting: Summon Ice Beast (dangerous; 10% risk of failure)
Confirm with . or Enter, or press ? or * to list all spells.
A film of ice covers your body!
The ice beast hits you but does no damage.
Your ice beast hits the ice beast.
Your ice beast freezes the ice beast.
The ice beast completely resists.
You hit the ice beast.
The ice beast is moderately wounded.
The ice beast hits you.
* * * LOW HITPOINT WARNING * * *
The ice beast freezes you!
* * * LOW HITPOINT WARNING * * *
Your ice beast hits the ice beast.
Your ice beast freezes the ice beast.
The ice beast completely resists.
Unknown command.
You barely miss the ice beast.
The ice beast is moderately wounded.
The ice beast hits you but does no damage.
Your ice beast hits the ice beast.
Your ice beast freezes the ice beast.
The ice beast completely resists.
You closely miss the ice beast.
The ice beast is moderately wounded.
The ice beast barely misses you.
Your ice beast hits the ice beast but does no damage.
You hit the ice beast.
The ice beast is heavily wounded.
The ice beast hits you.
* * * LOW HITPOINT WARNING * * *
The ice beast freezes you.
You die...

###.#.#...........
#.........###.####
#.#######.....# #
#.# #.##### # ##.#
#.# # #..#
#†######## #..#
#......... #..#
#.########
#.@#######.#
#YY........#
#...##.##.#.#
.......#.##...#
...##...##......#
.. ...#######.## .
...## #.# ....
#######.# ###.#
#.......#######


You could see an ice beast (ally target) and a friendly ice beast (summoned).

Vanquished Creatures
  A shadow (D:5)
  A black bear (D:5)
  2 centaurs (D:5)
  An ogre (D:4)
  A necrophage (D:5)
  A scorpion (D:5)
  2 jellies
  3 hounds
  2 orc priests
  An iguana (D:5)
  An orc wizard (D:5)
  7 adders
  An ufetubus (D:5)
  4 dart slugs
  7 orcs
  5 ball pythons
  5 bats
  4 endoplasms
  5 goblins
  5 hobgoblins
  8 jackals
  10 kobolds
  3 quokkas
  7 frilled lizards
  2 rats (D:1)
89 creatures vanquished.

Notes
Turn   | Place    | Note
-------+----------+-------------------------------------------
     0 | D:1      | Illumine the Demigod Ice Elementalist began the quest for
                  | the Orb.
     0 | D:1      | Reached XP level 1. HP: 14/14 MP: 5/5
   174 | D:1      | Reached XP level 2. HP: 17/20 MP: 1/7
   379 | D:1      | Found Yjyucuduawn's Jewellery Boutique.
   390 | D:1      | Found Vuoclush's Book Emporium.
   391 | D:1      | Found Ulapum's Distillery.
   477 | D:1      | Reached skill level 4 in Ice Magic
   574 | D:1      | Found Wurota's Distillery.
   662 | D:1      | Bought a potion of curing for 30 gold pieces
  1094 | D:2      | Reached XP level 3. HP: 26/26 MP: 6/9
  1183 | D:2      | Learned a level 3 spell: Frozen Ramparts
  1187 | D:2      | Learned a level 3 spell: Ozocubu's Armour
  1485 | D:1      | Bought a potion of degeneration for 10 gold pieces
  2262 | D:3      | Reached XP level 4. HP: 24/33 MP: 7/11
  2982 | D:4      | Reached XP level 5. HP: 27/38 MP: 5/13
  2991 | D:4      | Reached skill level 5 in Ice Magic
  3248 | D:4      | Noticed an ogre
  3257 | D:4      | Killed an ogre
  3574 | D:4      | Learned a level 4 spell: Summon Ice Beast
  3947 | D:5      | Entered Level 5 of the Dungeon
  3951 | D:5      | Reached XP level 6. HP: 45/45 MP: 10/15
  4046 | D:5      | Reached skill level 1 in Summonings
  4116 | D:5      | Found Bizei's Magic Scroll Shoppe.
  4144 | D:5      | Bought a scroll of identify for 28 gold pieces
  4144 | D:5      | Bought a scroll of identify for 28 gold pieces
  4151 | D:5      | Bought a scroll of teleportation for 42 gold pieces
  4151 | D:5      | Bought a scroll of fear for 56 gold pieces
  4374 | D:5      | Reached XP level 7. HP: 34/50 MP: 10/17
  4460 | D:5      | Reached skill level 6 in Ice Magic
  4569 | D:5      | Noticed a shadow
  4590 | D:5      | HP: 1/50 [something (10)]
  4591 | D:5      | Killed a shadow
  4845 | D:5      | Found a runed translucent door.
  4845 | D:5      | Noticed Kave's ghost (novice TrTm)
  4948 | D:5      | Found Nakh's Weapon Emporium.
  5011 | D:5      | HP: 2/50 [ice beast (3)]
  5011 | D:5      | Slain by an ice beast

Illustrated notes

Levels and vault maps discovered:
D:1:      dpeg_arrival_three_bigger_balls, layout_rooms, serial_aquarium,
          aquarium_bridge_square [aquarium_subvault_balcony,
          aquarium_subvault_wall, aquarium_subvault_wall,
          aquarium_subvault_bridge], aquarium_bridge_long_joined
          [aquarium_subvault_balcony, aquarium_subvault_balcony,
          aquarium_subvault_bridge, aquarium_subvault_wall,
          aquarium_subvault_window, aquarium_subvault_wall], aquarium_window_1,
          aquarium_window_fake, aquarium_view_2e, aquarium_balcony_double_4,
          aquarium_pool_four, serial_shops, shop_fountains, shop, shop, shop,
          minmay_crystal_room, minmay_pentomino_o4
D:2:      layout_loops_ring
D:3:      layout_basic, mainiacjoe_overflow_cross_hatched,
          kennysheep_okawaru_gauntlet
D:4:      layout_basic, nzn_hepliaklqana_mist_gate
D:5:      layout_loops_ring, serial_shops, nicolae_shop_statue_plus,
          nicolae_take_the_stairs, shop, nicolae_shop_hallway_stairs, shop,
          gammafunk_ghost_grave

Skill      XL: |  1  2  3  4  5  6  7 |
---------------+----------------------+-----
Spellcasting   | 2 3 4 |  4.9
Ice Magic      | 4 5 6 |  6.2
Summonings     | 2 4 |  4.2
Dodging        | |  1.7
Stealth        | |  1.8

Action                     |  1- 3 |  4- 6 |  7- 9 || total
---------------------------+-------+-------+-------++-------
  Melee: Unarmed           |     1 |       |       ||     1
         Short sword       |       |     4 |     1 ||     5
         Punch             |       |     1 |     1 ||     2
         Whip              |       |       |    14 ||    14
   Cast: Freeze            |    66 |    43 |     5 ||   114
         Frozen Ramparts   |     4 |    16 |     7 ||    27
         Ozocubu's Armour  |       |     2 |     2 ||     4
         Summon Ice Beast  |       |       |     1 ||     1
  Evoke: Wand              |       |       |     5 ||     5
    Use: Scroll            |       |     7 |       ||     7
 Armour: Robe              |    13 |    11 |    10 ||    34
  Dodge: Dodged            |    45 |    27 |    17 ||    89

Table legend: (Time is in decaauts)
 A = Elapsed time spent in this place.
 B = Non-inter-level travel time spent in this place.
 C = Inter-level travel time spent in this place.
 D = Time resting spent in this place.
 E = Time spent auto-exploring this place.
 F = Levels seen in this place.
 G = Mean time per level.
                   A        B        C        D        E       F      G
               +--------+--------+--------+--------+--------+-----+--------+
         Total |   5011 |   4866 |    145 |    372 |   3743 |   5 | 1002.2 |
       Dungeon |   5011 |   4866 |    145 |    372 |   3743 |   5 | 1002.2 |
               +--------+--------+--------+--------+--------+-----+--------+

Top non-repeatable levels by time:
     D:1: 1114 daAuts
     D:5: 1064 daAuts
     D:4: 977 daAuts
     D:2: 937 daAuts
     D:3: 917 daAuts
